 Dungeon Crawl Stone Soup version 0.26.1-11-gd32895ea62 (webtiles) character file.

Game seed: 16626711718406633718

106 raph the Chopper (level 4, -1/39 HPs)
             Began as a Hill Orc Fighter on May 7, 2021.
             Blown up by Ijyb (28 damage)
             ... with a disintegration bolt
             ... on level 3 of the Dungeon.
             The game lasted 00:03:52 (2873 turns).

raph the Chopper (Hill Orc Fighter)                 Turns: 2873, Time: 00:03:52

Health: -1/39      AC: 11    Str: 18    XL:     4   Next: 84%
Magic:  4/4        EV:  4    Int:  8    God:
Gold:   104        SH:  9    Dex: 11    Spells: 3/3 levels left

rFire    . . .     SeeInvis .   a - +1 war axe
rCold    . . .     Faith    .   c - +0 kite shield
rNeg     . . .     Spirit   .   r - +0 chain mail
rPois    .         Reflect  .   (no helmet)
rElec    .         Harm     .   i - +0 cloak
rCorr    .         Rampage  .   (no gloves)
Will     .....                  f - +0 pair of boots
Stlth    ..........             (no amulet)
HPRegen  0.13/turn              (no ring)
MPRegen  0.09/turn              (no ring)

@: no status effects
A: no striking features
a: no special abilities


You were on level 3 of the Dungeon.
You visited 1 branch of the dungeon, and saw 3 of its levels.

You collected 104 gold pieces.

Inventory:

Hand Weapons
 a - a +1 war axe (weapon)
Missiles
 g - a throwing net (quivered)
 m - 17 poisoned darts
Armour
 b - a +0 scale mail
 c - a +0 kite shield (worn)
 f - a +0 pair of boots (worn)
 i - a +0 cloak (worn)
 r - a +0 chain mail (worn)
Scrolls
 e - a scroll of teleportation
 h - 2 scrolls of identify
 j - a scroll of remove curse
Potions
 d - 2 potions of might
 n - a potion of haste
 p - 2 potions of brilliance
 q - a potion of curing {unknown}


   Skills:
 - Level 3.6 Fighting
 + Level 6.4 Axes
 - Level 3.2 Armour
 - Level 3.2 Shields


You had 3 spell levels left.
You didn't know any spells.
Your spell library was empty.

Dungeon Overview and Level Annotations

Branches:
Dungeon (3/15)

Altars:
Ru
Vehumet

Annotations:
D:3 2 runed translucent doors, Ijyb; Tempus's ghost, amateur OpFE


Message History

Ijyb is heavily wounded.
Ijyb hits you but does no damage.
You closely miss Ijyb.
Ijyb is heavily wounded.
Ijyb hits you but does no damage.
You closely miss Ijyb.
Ijyb is heavily wounded.
Ijyb completely misses you. You block Ijyb's attack.
You closely miss Ijyb.
Ijyb is heavily wounded.
Ijyb screams, "It's all mine!"
You block Ijyb's attack.
You hit Ijyb.
Ijyb is severely wounded.
Ijyb barely misses you.
You hit Ijyb.
Ijyb is almost dead.
Ijyb zaps a wand.
You are blasted!
Ouch! That really hurt!
You die...

.....#####..########
#...........###..$.)?.#
#......<......#8.....8#
#..#..#.##..###.......# #
...#..#.##..# #8.....8# ..
#..#..#.##..# #.......# #.
......#.##..# #8.....8#.# #.###
#..#..#.##..# #)g)....#.# #>...
#..#........# #8@†...8#^# #....
#.......##.[###.......#.# #....
#..#..#.....##........#.#####....
#..#..#.##..##.########.#........
..... ...........................
........................##.......
#..#....#.#.###########.......###
#..#......#. #.##.##.#
#..#....###.# #.##.##.#


You could see Ijyb.

Vanquished Creatures
  Crazy Yiuf (D:3)
  3 adders
  2 dart slugs (D:2)
  2 leopard geckos
  An orc (D:3)
  4 ball pythons (D:3)
  4 bats
  A giant cockroach (D:3)
  8 goblins
  4 hobgoblins
  A quokka (D:3)
  4 frilled lizards
  6 kobolds
  A leopard gecko skeleton (D:3)
  4 rats
46 creatures vanquished.

Notes
Turn   | Place    | Note
-------+----------+-------------------------------------------
     0 | D:1      | raph the Hill Orc Fighter began the quest for the Orb.
     0 | D:1      | Reached XP level 1. HP: 19/19 MP: 1/1
    58 | D:1      | Reached skill level 3 in Axes
   549 | D:1      | Reached XP level 2. HP: 19/26 MP: 2/2
  1007 | D:2      | Reached skill level 4 in Axes
  1157 | D:2      | Reached XP level 3. HP: 29/31 MP: 3/3
  1527 | D:2      | Reached skill level 5 in Axes
  1599 | D:2      | Found a radiant altar of Vehumet.
  1775 | D:2      | Found a sacrificial altar of Ru.
  2091 | D:3      | Found a runed translucent door.
  2118 | D:3      | Noticed Tempus's ghost (amateur OpFE)
  2118 | D:3      | Noticed a bullfrog
  2137 | D:3      | Found a runed translucent door.
  2185 | D:3      | Found a runed translucent door.
  2186 | D:3      | Noticed Crazy Yiuf
  2194 | D:3      | Killed Crazy Yiuf
  2195 | D:3      | Reached skill level 6 in Axes
  2195 | D:3      | Reached XP level 4. HP: 13/39 MP: 4/4
  2856 | D:3      | Noticed Ijyb
  2873 | D:3      | Blown up by Ijyb

Illustrated notes

Levels and vault maps discovered:
D:1:      minmay_arrival_semitransparent, layout_basic, feat_on_display
D:2:      layout_rooms, overflow_temple_1_default, kennysheep_cluttered_room,
          lemuel_statue_altar
D:3:      kennysheep_the_goblin_king, layout_basic, portal_sewer_entry_e,
          ebering_ghost_sewer_f, minmay_misc_feat_diagonals,
          minmay_shallow_snake_nest, uniq_crazy_yiuf_cottage, uniq_jessica

Skill      XL: |  1  2  3 |
---------------+----------+-----
Axes           | 3 4 6 |  6.4
Fighting       | |  3.6
Armour         | |  3.2
Shields        | |  3.2

Action                   |  1- 3 |  4- 6 || total
-------------------------+-------+-------++-------
Melee: War axe           |   125 |    33 ||   158
  Use: Scroll            |     9 |       ||     9
Armor: Scale mail        |    30 |       ||    30
       Chain mail        |    18 |    16 ||    34
Dodge: Dodged            |    28 |     4 ||    32
Block: Kite shield       |    60 |    18 ||    78
